AoeStats
← 阿酷丶

Arabia

504271353Analyzed
1v1 RM · 26d ago on Sep 4, 2026· 31m 45s· 2 players
Game mode
Random Map
Map size
Tiny (2 player)
Population
200
Speed
Normal
Resources
Standard
Victory
Conquest
Starting age
Dark Age
Ending age
Imperial Age
RankedLock teamsTeams togetherTeam positionsShared explorationLock speedFull tech treeHidden civsTurbo modeCheats
Victory
Defeat
🇳🇮 Bengalis · Nicaragua
1147
+16
🇨🇳 Ethiopians · China
1150
-16
fresh169
5:28 Loom
6:14 Loom
8:54 Feudal Age
9:22 Double-Bit Axe
12:09 Horse Collar
22:14 Castle Age
21:03 Gold Mining
21:55 Wheelbarrow
22:05 Fletching
22:15 Padded Archer Armor
23:33 Wheelbarrow
23:12 Bow Saw
24:17 Town Watch
24:32 Elite Skirmisher
25:09 Bodkin Arrow
25:59 Light Cavalry
26:50 Bloodlines
26:47 Scale Barding Armor
27:06 Heavy Plow
27:32 Husbandry
29:04 Sanctity
29:17 Chain Barding Armor
29:18 Forging
阿酷丶
6:43 Loom
9:14 Feudal Age
16:42 Double-Bit Axe
23:19 Castle Age
21:13 Horse Collar
22:40 Wheelbarrow
23:03 Gold Mining
24:35 Bow Saw
24:04 Crossbowman
24:50 Thumb Ring
26:52 Gold Shaft Mining
27:21 Ballistics
27:45 Hand Cart
Connection lost

Rejoining the realm…

Still unreachable

The connection could not be restored.

Session expired

The server has moved on; the page needs a fresh start.